 Dungeon Crawl Stone Soup version 0.30.0-13-g156ef70053 (webtiles) character file.

Game seed: 10807272624871499851

88 NinjaNoafa the Trooper (level 5, 0/47 HPs)
             Began as a Meteoran Monk on May 17, 2023.
             Slain by Sigmund
             ... wielding a +0 scythe
              (12 damage)
             ... while paralysed by Grinder
             ... on level 3 of the Dungeon.
             The game lasted 00:02:51 (1577 turns).

NinjaNoafa the Trooper (Meteoran Monk)              Turns: 1577, Time: 00:02:52

Health: 0/47       AC:  2    Str: 12    XL:     5   Next: 9%
Magic:  6/6        EV:  2    Int: 13    God:
Gold:   120        SH:  0    Dex: 17    Spells: 4/4 levels left

rFire   . . .        a - +0 falchion
rCold   . . .        d - orb {light}
rNeg    . . .        b - +0 robe
rPois   .            (no helmet)
rElec   .            (no cloak)
rCorr   .            (no gloves)
SInv    .            (no boots)
Will    .....        (no amulet)
Stlth   +            (no ring)
HPRegen 0.27/turn    (no ring)
MPRegen 0.10/turn

%: no passive effects
@: confused, paralysed, glowing
A: sense surroundings 1, otherworldly, glowing, explore regen
a: no special abilities


You were on level 3 of the Dungeon.
You visited 1 branch of the dungeon, and saw 3 of its levels.

You collected 120 gold pieces.

Inventory:

Hand Weapons
 a - a +0 falchion (weapon)
Missiles
 g - 10 poisoned darts (quivered)
Armour
 b - a +0 robe (worn)
 d - an orb of light (worn)
Scrolls
 f - a scroll of torment {unknown}
 h - 2 scrolls of blinking {unknown}
 i - 2 scrolls of identify {unknown}
 k - 2 scrolls of fear {unknown}
 l - a scroll of enchant weapon {unknown}
 m - 4 scrolls of teleportation {unknown}
 o - a scroll of amnesia {unknown}
Potions
 e - 2 potions of curing {unknown}
 j - a potion of brilliance {unknown}
 n - a potion of degeneration {unknown}
 p - 2 potions of invisibility {unknown}
 q - a potion of haste {unknown}
 r - a potion of flight {unknown}
 s - a potion of might {unknown}


   Skills:
 * Level 4.6 Fighting
 + Level 4.4 Long Blades
 + Level 4.4 Dodging


You had 4 spell levels left.
You didn't know any spells.
Your spell library contained the following spells:

 Spells                   Type           Power      Damage    Failure   Level
 Summon Small Mammal      Summ           0%         N/A       30%         1
 Call Canine Familiar     Summ           0%         N/A       67%         3
 Summon Guardian Golem    Hex/Summ       0%         N/A       67%         3


Dungeon Overview and Level Annotations

Branches:
Dungeon (3/15) Zot: 210

Altars:
Ru

Shops:
D:2 =

Annotations:
D:3 Grinder, Sigmund


Innate Abilities, Weirdness & Mutations

You passively map a small area around you.
You are easily found by Zot.
You glow in the dark.
You regain HP and MP as you explore.


Message History

Grinder hits you!
* * * LOW HITPOINT WARNING * * *
Unknown command.
You are more confused.
You feel invigorated. Grinder hits you.
* * * LOW HITPOINT WARNING * * *
You writhe in agony.
* * * LOW HITPOINT WARNING * * *
Sigmund points at you and mumbles some strange words.
The puff of flame hits you.
* * * LOW HITPOINT WARNING * * *
Grinder blinks!
Unknown command.
Grinder closely misses you.
You bump into the closed door.
Sigmund gestures wildly while chanting.
Sigmund flickers and vanishes for a moment.
Grinder barely misses you.
You bump into the metal wall.
Sigmund barely misses you. Grinder gestures at you.
You suddenly lose the ability to move!
Grinder hits you.
You writhe in agony.
Sigmund hits you from afar with a +0 scythe!
* * * LOW HITPOINT WARNING * * *
Grinder hits you.
* * * LOW HITPOINT WARNING * * *
You writhe in agony.
* * * LOW HITPOINT WARNING * * *
You feel less invigorated.
Sigmund giggles. "Time to reap what you sow."
Sigmund hits you from afar with a +0 scythe.
* * * LOW HITPOINT WARNING * * *
Grinder gestures at you.
You shrug off the repeated paralysis!
Grinder hits you.
* * * LOW HITPOINT WARNING * * *
You writhe in agony.
* * * LOW HITPOINT WARNING * * *
Sigmund hits you from afar with a +0 scythe!
You die...

** , , * ,, , +# *
+* * .# #..# , .#
#..#+###+#,, .#
,,,, #..#...@.# .#*
* +..'..5..+ .#
####..#.@...# *
.######..#.@#'###+#
* ,,
.........#..#.....#
*
.........'##'##+##+
.........#.....#, ,
* .†......##..$..#
, .###.#######+##+
*+ *


You could see Grinder and Sigmund (invisible).

Vanquished Creatures
  4 adders
  2 dart slugs
  4 ball pythons
  4 endoplasms
  4 giant cockroaches
  3 goblins (D:1)
  4 hobgoblins
  3 quokkas
  9 bats
  3 frilled lizards
  2 kobolds
  3 rats
45 creatures vanquished.

Notes
Turn   | Place    | Note
-------+----------+-------------------------------------------
     0 | D:1      | NinjaNoafa the Meteoran Monk began the quest for the Orb.
     0 | D:1      | Reached XP level 1. HP: 19/19 MP: 2/2
     2 | D:1      | Noticed an iron dragon
     4 | D:1      | Noticed an orb of fire
     6 | D:1      | Noticed an orb of fire
     7 | D:1      | Noticed a tentacled monstrosity
     8 | D:1      | Noticed a large abomination
     9 | D:1      | Noticed an ice dragon
    11 | D:1      | Noticed a tentacled monstrosity
    13 | D:1      | Noticed an iron dragon
    15 | D:1      | Noticed a tentacled monstrosity
    15 | D:1      | Noticed a tentacled monstrosity
    19 | D:1      | Noticed an orb of fire
    21 | D:1      | Noticed an ice dragon
    61 | D:1      | Reached XP level 2. HP: 18/26 MP: 3/3
   189 | D:1      | Reached XP level 3. HP: 33/33 MP: 4/4
   494 | D:1      | Glimpsed the power of Zot.
   544 | D:1      | Glimpsed the power of Zot.
   722 | D:1      | Reached XP level 4. HP: 33/40 MP: 5/5
  1043 | D:2      | Found Dieguxzu's Jewellery Emporium.
  1090 | D:2      | Glimpsed the power of Zot.
  1544 | D:3      | Reached XP level 5. HP: 41/47 MP: 6/6
  1558 | D:3      | Noticed Grinder
  1558 | D:3      | Noticed Sigmund
  1564 | D:3      | Found a sacrificial altar of Ru.
  1573 | D:3      | Paralysed by Grinder for 5 turns
  1577 | D:3      | Slain by Sigmund

Illustrated notes

Levels and vault maps discovered:
D:1:      shiori_arrival_whats_in_store_for_you, layout_loops_ring,
          chequers_serial_rivers_room_a, chequers_mini_garden,
          minmay_misc_feat_columns
D:2:      layout_basic, serial_shops, shop, kennysheep_generic_room_7
D:3:      layout_basic, mainiacjoe_overflow_24_doors, serial_park_tiny_2,
          uniq_grinder, uniq_sigmund

Skill      XL: |  1  2  3 |
---------------+----------+-----
Dodging        | 4 |  4.4
Long Blades    | 4 |  4.4
Fighting       | 4 |  4.6

Action                     |  1- 3 |  4- 6 || total
---------------------------+-------+-------++-------
  Melee: Falchion          |    66 |    56 ||   122
    Use: Potion            |       |     1 ||     1
 Armour: Robe              |    23 |    12 ||    35
  Dodge: Dodged            |    64 |    41 ||   105
